 Dungeon Crawl Stone Soup version 0.31.0-11-ge490571c62 (webtiles) character file.

Game seed: 611073379653384181

828 Gadfly the Insei (level 7, -7/54 HPs)
             Began as a Demonspawn Monk on Feb 2, 2024.
             Mangled by an orc warrior
             ... wielding a +0 scimitar
              (14 damage)
             ... on level 4 of the Dungeon.
             The game lasted 00:04:45 (3548 turns).

Gadfly the Insei (Demonspawn Monk)                  Turns: 3548, Time: 00:04:46

Health: -7/54      AC:  4    Str: 13    XL:     7   Next: 65%
Magic:  7/7        EV: 13    Int: 11    God:
Gold:   215        SH:  0    Dex: 15    Spells: 0/6 levels left

rFire   . . .        b - +0 spear (venom)
rCold   + . .        c - orb {light}
rNeg    . . .        a - +0 robe
rPois   .            (helmet restricted)
rElec   .            g - scarf {repulsion}
rCorr   .            (no gloves)
SInv    .            (no boots)
Will    +....        (no amulet)
Stlth   +            f - ring of willpower
HPRegen 0.29/turn    l - ring of protection from cold
MPRegen 0.10/turn

%: repel missiles
@: glowing, studying Fighting
A: antennae 1, yellow scales 1, spiny 2
a: no special abilities


You were on level 4 of the Dungeon.
You visited 1 branch of the dungeon, and saw 5 of its levels.

You collected 215 gold pieces.

Inventory:

Hand Weapons
 b - a +0 spear of venom (weapon)
 q - a +0 whip of electrocution
Armour
 a - a +0 robe (worn)
 c - an orb of light (worn)
 g - a scarf of repulsion (worn)
Jewellery
 d - a ring of fire
 f - a ring of willpower (left hand)
 l - a ring of protection from cold (right hand)
Talismans
 k - a flux talisman
Wands
 j - a wand of acid (3)
 m - a wand of roots (9)
 p - a wand of paralysis (7) (quivered)
Scrolls
 h - a scroll of identify
 o - a scroll of revelation
Potions
 e - a potion of haste
 i - a potion of might
 n - a potion of resistance


   Skills:
 + Level 4.3 Fighting
 * Level 3.9 Dodging
 * Level 4.9 Unarmed Combat
 + Level 4.1 Evocations
 * Level 3.4 Shapeshifting


You couldn't memorise any spells.
You knew the following spells:

 Your Spells              Type           Power      Damage    Failure   Level
a - Swiftness             Air            0%         N/A       71%         3
b - Passwall              Erth           0%         N/A       71%         3

Your spell library contained the following spells:

 Spells                   Type           Power      Damage    Failure   Level
 Ensorcelled Hibernation  Hex/Ice        0%         N/A       47%         2


Dungeon Overview and Level Annotations

Branches:
Dungeon (5/15)
 Temple: D:4-7

Altars:
Nemelex Xobeh


Innate Abilities, Weirdness & Mutations

You have a pair of small antennae on your head.
You are partially covered in yellow scales. (AC +2)
You are mostly covered in sharp spines.


Message History

An orc comes into view.
It is wielding a +0 hand axe of electrocution.
An orc comes into view. It is wielding a +0 hand axe.
You reach to attack!
The orc shouts! x2
You hit the orc priest.
The orc priest is lightly wounded.
You hear a shout!
The orc priest calls down the wrath of Beogh upon you.
Beogh smites you!
There is a fountain of sparkling water here.
The orc priest looks satisfied for a moment.
There is a stone staircase leading up, spattered with blood here.
You see here a ribbon worm corpse.
The orc warrior barely misses you.
You climb upwards.
There is a stone staircase leading down here.
You hit the orc warrior but do no damage.
The orc warrior is poisoned.
The orc warrior hits you with a +0 scimitar!
You hit the orc warrior but do no damage.
The orc warrior looks as sick as possible!
The orc warrior is lightly wounded.
The orc warrior is struck by your spines.
The orc warrior hits you with a +0 scimitar!
You are too injured to fight recklessly!
You are too injured to fight recklessly!
You are too injured to fight recklessly!
You are too injured to fight recklessly!
You barely miss the orc warrior.
The orc warrior is heavily wounded.
The orc warrior hits you with a +0 scimitar.
The orc warrior barely misses you.
The orc warrior attacks as it pursues you!
The orc warrior hits you with a +0 scimitar!
* * * LOW HITPOINT WARNING * * *
Okay, then.
The orc warrior attacks as it pursues you!
The orc warrior is struck by your spines.
The orc warrior hits you with a +0 scimitar!
You die...

...## #########.#.#...#.....
....#### #.#.#)....#'#. .......#
##### #.#..)...##.## #####..#
#...###'#<.[...#).)# #.[####
#.#..........####)## #####.....##
#.#.........##.#...# ...##......#
#.#.....)...#..'...'
.......##..###.#.###.....##.#...#
.......#.....#.#@.........####'##
#......#.###.#.#o.#######...#...#
#..............#.## ###.##.##
#....###.####.##.# #..###.
.......#.#.....#.# ##.....
####...#.....#...# ######
#)).###.#.#...#
####..[###.#.###>#
#..........#.###.#


You could see an orc warrior (very poisoned).

Vanquished Creatures
  Pikel (D:4)
  3 lemures
  A phantom (D:4)
  A scorpion (D:4)
  A bombardier beetle (D:4)
  A hound (D:4)
  Terence (D:3)
  Ijyb (D:5)
  3 adders
  3 ribbon worms
  2 dart slugs (D:4)
  9 orcs (D:4)
  6 ball pythons
  9 endoplasms
  4 giant cockroaches
  12 goblins
  13 hobgoblins
  2 jackals (D:2)
  A quokka (D:2)
  3 bats
  4 frilled lizards
  6 kobolds
  6 rats
93 creatures vanquished.

Notes
Turn   | Place    | Note
-------+----------+-------------------------------------------
     0 | D:1      | Gadfly the Demonspawn Monk began the quest for the Orb.
     0 | D:1      | Reached XP level 1. HP: 18/18 MP: 1/1
   231 | D:1      | Gained mutation: You are partially covered in sharp spines.
                  | [demonic ancestry]
   231 | D:1      | Reached XP level 2. HP: 24/24 MP: 2/2
   479 | D:1      | Reached skill level 1 in Evocations
  1076 | D:2      | Reached skill level 1 in Shapeshifting
  1084 | D:2      | Reached XP level 3. HP: 27/29 MP: 3/3
  1449 | D:2      | Gained mutation: You have a pair of small antennae on your
                  | head. [demonic ancestry]
  1449 | D:2      | Reached XP level 4. HP: 12/35 MP: 4/4
  1869 | D:3      | Noticed Terence
  1875 | D:3      | Killed Terence
  2235 | D:4      | Noticed Pikel
  2235 | D:4      | Noticed a lemure
  2235 | D:4      | Noticed a lemure
  2235 | D:4      | Noticed a lemure
  2236 | D:4      | Noticed a lemure
  2251 | D:3      | Killed a lemure
  2414 | D:4      | Learned a level 3 spell: Swiftness
  2567 | D:4      | Noticed a phantom
  2577 | D:4      | Gained mutation: You are partially covered in yellow
                  | scales. (AC +2) [demonic ancestry]
  2577 | D:4      | Reached XP level 5. HP: 28/41 MP: 5/5
  2611 | D:4      | Killed a phantom
  2738 | D:4      | Gained mutation: You are mostly covered in sharp spines.
                  | [demonic ancestry]
  2738 | D:4      | Reached XP level 6. HP: 37/47 MP: 6/6
  2943 | D:4      | Killed Pikel
  2944 | D:4      | Reached XP level 7. HP: 24/54 MP: 7/7
  3195 | D:4      | Learned a level 3 spell: Passwall
  3322 | D:5      | Entered Level 5 of the Dungeon
  3322 | D:5      | Noticed Ijyb
  3322 | D:5      | Found a sparkling altar of Nemelex Xobeh.
  3332 | D:5      | HP: 2/54 [scorpion (5)]
  3489 | D:5      | Killed Ijyb
  3548 | D:4      | Mangled by an orc warrior

Illustrated notes

Levels and vault maps discovered:
D:1:      tekkud_arrival_beachfront_property, layout_loops_ring
D:2:      layout_rooms
D:3:      layout_basic, minmay_misc_feat_doors, uniq_terence
D:4:      cheibrodos_greedy_goblins, layout_basic, uniq_pikel
D:5:      layout_basic, nemelex_xobeh_ov_fountains_minmay,
          ebering_ghost_disaster_area, uniq_blork_the_orc, uniq_sigmund,
          uniq_ijyb

Skill      XL: |  1  2  3  4  5  6 |
---------------+-------------------+-----
Unarmed Combat | 3 4 |  4.9
Evocations     | 1 2 4 |  4.1
Shapeshifting  | 1 2 3 |  3.4
Dodging        | 3 |  3.9
Fighting       | 4 |  4.3

Action                     |  1- 3 |  4- 6 |  7- 9 || total
---------------------------+-------+-------+-------++-------
  Melee: Unarmed           |   108 |    11 |       ||   119
         Spear             |       |    95 |    19 ||   114
    Use: Scroll            |     3 |     5 |     1 ||     9
         Potion            |     1 |     2 |     1 ||     4
 Armour: Robe              |    47 |    44 |    19 ||   110
  Dodge: Dodged            |    60 |    63 |    11 ||   134
         Repelled          |       |     4 |     1 ||     5
